 Dungeon Crawl Stone Soup version 0.30.0-5-g1a98f26d00 (webtiles) character file.

Game seed: 17367435499608619692

74 monsoonserge the Trooper (level 4, 0/37 HPs)
             Began as a Formicid Berserker on May 11, 2023.
             Was a Believer of Trog.
             Slain by a gnoll
             ... wielding a +0 whip
              (4 damage)
             ... on level 3 of the Dungeon.
             The game lasted 00:05:00 (1322 turns).

monsoonserge the Trooper (Formicid Berserker)       Turns: 1322, Time: 00:05:01

Health: 0/37       AC:  5    Str: 24    XL:     4   Next: 52%
Magic:  4/4        EV: 11    Int:  6    God:    Trog [**....]
Gold:   106        SH:  5    Dex: 13    Spells: 3/3 levels left

rFire   . . .        a - +0 mace
rCold   . . .        (no shield)
rNeg    . . .        m - +0 ring mail
rPois   .            (helmet unavailable)
rElec   .            (no cloak)
rCorr   +            (no gloves)
SInv    +            (no boots)
Will    ++...        k - amulet of reflection
Stlth   +            o - ring of resist corrosion
HPRegen 1.26/turn    (no ring)
MPRegen 0.09/turn

%: reflection
@: strong-willed, attractive, regenerating
A: permanent stasis, dig shafts and tunnels, antennae 3, four strong arms
a: Dig, Shaft Self, Renounce Religion, Trog's Hand


You were on level 3 of the Dungeon.
You worshipped Trog.
Trog was pleased with you.
You visited 1 branch of the dungeon, and saw 3 of its levels.

You collected 106 gold pieces.

Inventory:

Hand Weapons
 a - a +0 mace (weapon)
Missiles
 c - 29 stones
 d - 4 javelins
 i - 10 poisoned darts (quivered)
Armour
 m - a +0 ring mail (worn)
Jewellery
 k - an amulet of reflection (around neck)
 o - a ring of resist corrosion (left hand)
Scrolls
 g - a scroll of teleportation {unknown}
 h - a scroll of identify {unknown}
 j - a scroll of enchant weapon {unknown}
 p - a scroll of fear {unknown}
Potions
 b - a potion of cancellation {unknown}
 e - 2 potions of attraction
 f - a potion of curing {unknown}
 l - a potion of lignification {unknown}
 n - a potion of berserk rage {unknown}


   Skills:
 + Level 4.1 Fighting
 + Level 4.0 Maces & Flails
 + Level 2.2 Armour
 + Level 2.3 Dodging
 + Level 0.4 Stealth


You had 3 spell levels left.
You didn't know any spells.
Your spell library contained the following spells:

 Spells                   Type           Power      Damage    Failure   Level
 Kiss of Death            Conj/Necr      0%         2d5       61%         1
 Shock                    Conj/Air       0%         1d3       61%         1
 Lesser Beckoning         Tloc           0%         N/A       75%         2
 Confusing Touch          Hex            0%         N/A       93%         3
 Gell's Gravitas          Tloc           0%         N/A       93%         3
 Teleport Other           Tloc           0%         N/A       93%         3
 Airstrike                Air            0%         2d(0-16)  100%        4
 Dispel Undead            Necr           0%         3d6       100%        4
 Swiftness                Air            Unusable   N/A       N/A         3

Dungeon Overview and Level Annotations

Branches:
Dungeon (3/15)

Altars:
Trog


Innate Abilities, Weirdness & Mutations

You cannot be hasted, slowed, berserked, paralysed or teleported.
You can dig through walls and to a lower floor.
You have a pair of large antennae on your head. (SInv)
Your four strong arms can wield two-handed weapons with a shield.


Message History

You hit the gnoll.
The gnoll is lightly wounded.
A rat comes into view.
The gnoll hits you from afar with a +0 spear.
The gnoll hits you with a +0 whip. The gnoll barely misses you.
You barely miss the gnoll.
The gnoll is lightly wounded.
The gnoll hits you from afar with a +0 spear.
You block the gnoll's attack.
The gnoll hits you from afar with a +0 spear.
The gnoll hits you with a +0 whip. You block the gnoll's attack.
You hit the gnoll.
The gnoll is moderately wounded.
You block the gnoll's attack.
The gnoll hits you from afar with a +0 spear.
Okay, then.
Your skin crawls.
You feel strong-willed. You block the gnoll's attack.
The gnoll hits you with a +0 whip.
You closely miss the gnoll.
The gnoll is moderately wounded.
You block the gnoll's attack.
The gnoll hits you from afar with a +0 spear!
* * * LOW HITPOINT WARNING * * *
The gnoll closely misses you.
The gnoll hits you from afar with a +0 spear.
* * * LOW HITPOINT WARNING * * *
The gnoll barely misses you.
You closely miss the gnoll.
The gnoll is moderately wounded.
The gnoll barely misses you. The gnoll closely misses you.
You block the gnoll's attack.
Okay, then.
It was a potion of attraction.
You feel attractive to monsters.
The gnoll hits you from afar with a +0 spear!
* * * LOW HITPOINT WARNING * * *
The gnoll hits you with a +0 whip.
You die...

............. .......
......####### .....
............. ....
.....).###### ##..####
.......####### #.r....#
.............# #g..##
.............# #....#
###..#.......#####g...#
....>...........@gg...#.#
................g.r.....#
######.......#####....###
#.......# #..###
####.......# #..#
#........### #..#
###........# #..#
..#........# #..#
#...)......# #..#


You could see 4 gnolls and a rat.

Vanquished Creatures
  2 adders
  2 dart slugs
  6 endoplasms
  4 giant cockroaches
  3 goblins
  6 hobgoblins
  4 jackals
  2 quokkas (D:1)
  8 ball pythons
  2 bats
  3 frilled lizards
  2 kobolds (D:2)
  5 rats (D:1)
49 creatures vanquished.

Notes
Turn   | Place    | Note
-------+----------+-------------------------------------------
     0 | D:1      | monsoonserge the Formicid Berserker began the quest for the
                  | Orb.
     0 | D:1      | Reached XP level 1. HP: 18/18 MP: 1/1
    65 | D:1      | Reached XP level 2. HP: 20/25 MP: 2/2
   206 | D:1      | Reached XP level 3. HP: 30/30 MP: 3/3
   317 | D:1      | Reached ** piety under Trog
   547 | D:2      | Found a bloodstained altar of Trog.
   844 | D:2      | Reached XP level 4. HP: 35/37 MP: 4/4
  1270 | D:3      | Reached *** piety under Trog
  1322 | D:3      | Slain by a gnoll

Illustrated notes

Levels and vault maps discovered:
D:1:      dpeg_arrival_short_road, layout_rooms, minmay_ruptured
D:2:      layout_rooms, basic_altar
D:3:      layout_basic

Skill      XL: |  1  2  3  4 |
---------------+-------------+-----
Fighting       | 4 |  4.1
Dodging        | 2 |  2.3
Maces & Flails | 4 |  4.0
Armour         | |  2.2
Stealth        | |  0.4

Action                     |  1- 3 |  4- 6 || total
---------------------------+-------+-------++-------
  Melee: Mace              |   105 |    38 ||   143
         Punch             |     1 |     1 ||     2
 Invoke: Trog's Hand       |       |     1 ||     1
    Use: Potion            |       |     1 ||     1
   Stab: Sleeping          |     1 |       ||     1
 Armour: Animal skin       |    25 |       ||    25
         Ring mail         |     2 |     9 ||    11
  Dodge: Dodged            |    93 |    22 ||   115
  Block: Other             |     3 |    12 ||    15
         Reflection        |     2 |       ||     2
